 Dungeon Crawl Stone Soup version 0.30-b1-2-g02819fbbbe (webtiles) character file.

Game seed: 12604072910353020243

2277 Alarkh the Martial Artist (level 9, 64/64 (66) HPs)
             Began as a Demonspawn Delver on July 5, 2023.
             Was a Follower of Uskayaw.
             Got out of the dungeon alive.
             The game lasted 00:08:48 (6660 turns).

Alarkh the Martial Artist (Demonspawn Delver)       Turns: 6660, Time: 00:08:48

HP:   64/64 (66)    AC: 17    Str: 18    XL:     9   Next: 16%
MP:   9/9           EV: 11    Int: 16    God:    Uskayaw [*.....]
Gold: 255           SH:  4    Dex: 15    Spells: 8/8 levels left

rFire   . .          .
                       - Unarmed
rCold   + . .        (no shield)
rNeg    . . .        H - +6 scale mail "Racsium" {rC+ Will++}
rPois   .            B - +0 helmet
rElec   .            M - +0 cloak
rCorr   .            (no gloves)
SInv    .            (no boots)
Will    ++...        n - amulet of faith
Stlth   ++           h - +4 ring of slaying
HPRegen 0.30/turn    I - +6 ring of strength
MPRegen 0.11/turn

%: faith
@: lightly drained
A: claws 1, thin metallic scales 1, powered by death 1, condensation shield
a: Renounce Religion, Stomp


You escaped.
You worshipped Uskayaw.
Uskayaw was noncommittal.
You visited 2 branches of the dungeon, and saw 8 of its levels.

You collected 498 gold pieces.
You spent 243 gold pieces at shops.

Inventory:

Armour
 a - a +0 leather armour
 B - a +0 helmet (worn)
 H - the +6 scale mail "Racsium" (worn) {rC+ Will++}
   (You bought it in a shop on level 5 of the Dungeon)

   rC:        It protects you from cold.
   Will:      It greatly increases your willpower.
 M - a +0 cloak (worn)
Magical Staves
 i - a staff of fire
Jewellery
 h - a +4 ring of slaying (left claw)
 j - a ring of wizardry
 n - an amulet of faith (around neck)
 I - a +6 ring of strength (right claw)
 L - an amulet of magic regeneration
 N - a ring of willpower
 O - a +6 ring of intelligence
Wands
 f - a wand of digging (3)
 k - a wand of polymorph (13)
 v - a wand of acid (8)
Scrolls
 b - 3 scrolls of fog
 c - a scroll of magic mapping
 d - 3 scrolls of fear
 e - 2 scrolls of poison
 l - 2 scrolls of vulnerability
 m - 2 scrolls of immolation {unknown}
 o - a scroll of summoning {unknown}
 p - a scroll of enchant weapon {unknown}
 q - a scroll of acquirement {unknown}
 r - 4 scrolls of teleportation
 w - a scroll of amnesia {unknown}
 x - a scroll of noise {unknown}
 y - 3 scrolls of blinking {unknown}
 A - a scroll of torment
 C - a scroll of enchant armour {unknown}
 G - 3 scrolls of identify
Potions
 g - a potion of lignification
 s - a potion of cancellation
 t - 3 potions of flight
 u - 2 potions of brilliance
 z - 4 potions of curing
 D - a potion of heal wounds {unknown}
 E - a potion of mutation {unknown}
 F - 2 potions of haste
 J - a potion of berserk rage {unknown}
 K - a potion of resistance {unknown}


   Skills:
 + Level 4.7 Fighting
 + Level 2.9 Armour
 + Level 3.9 Dodging
 + Level 5.9 Stealth
 * Level 9.1 Unarmed Combat


You had 8 spell levels left.
You didn't know any spells.
Your spell library contained the following spells:

 Spells                   Type           Power      Damage    Failure   Level
 Freeze                   Ice            0%         1d3       61%         1
 Frozen Ramparts          Ice            0%         1d1       93%         3
 Hailstorm                Conj/Ice       0%         3d3       93%         3


Dungeon Overview and Level Annotations

Branches:
Dungeon (7/15)             Temple (1/1) D:4

Altars:
Ashenzari
Cheibriados
Dithmenos
Fedhas
Gozag
Hepliaklqana
Nemelex Xobeh
Okawaru
Ru
Trog
Uskayaw
Vehumet
Wu Jian
Yredelemnul

Shops:
D:5 *

Annotations:
D:7 Duvessa


Innate Abilities, Weirdness & Mutations

You have sharp fingernails.
You are partially covered in thin metallic scales. (AC +2)
You regenerate a little health from kills.
A meltable shield of frost defends you. (SH +4)


Message History

Things that are here:
a +0 trident; a +0 robe
Things that are here:
a +5 dire flail; a +0 robe; a bullfrog corpse
(D) Dungeon (T) Temple
Where to? (Enter - D:7, ? - help)
What level of the Dungeon? (default 1, ? - help)
Items here: )) [ ††.
Things that are here:
a +0 dagger; a +0 ring mail
There is a stone staircase leading up here.
You climb upwards.
There is a stone staircase leading down here.
There is an open door here.
There is an ornate altar of the Wu Jian Council here.
There is an open door here.
There is an escape hatch in the ceiling here.
There is a stone staircase leading up here.
You climb upwards.
There is a stone staircase leading down here.
You see here a stone.
There is a stone staircase leading up here.
You climb upwards.
There is a stone staircase leading down here.
There is an open door here.
Things that are here:
a +0 club; a +0 flail
There is a stone staircase leading up here.
You climb upwards.
There is a stone staircase leading down here.
Things that are here:
a boomerang; a +0 club
There is an escape hatch in the ceiling here.
A mysterious force pulls you upwards. The hatch slams shut behind you.
There is a stone staircase leading up here.
You climb upwards.
There is a stone staircase leading down here.
There is a staircase leading out of the dungeon here.
Are you sure you want to leave the Dungeon?
This will make you lose the game!
You have escaped!

# #.# ##..........#>.......... #
#.# #...........#####...... ###)#
##..≈≈≈.≈≈≈...## #.#####
....######..≈≈.....≈≈...###.####.
###.....#..≈≈..8..♣.≈≈...##.#....
# #.....#.≈≈.♣.......≈≈.........#
# #.....#.≈...........≈..##.#.#.#
# #.....#.≈..♣.....8..≈...)......
# #.....#.≈≈..8.@..♣.≈≈..##.#....
# #.....#..≈≈.......≈≈...##.#...#
# #....[##..≈≈.....≈≈............
# #.....###..≈≈≈≈≈≈≈..#..##.#.#.#
# #..................##.......#..
# #.######...........##.###.#.#.#
# #.# #..#.##.###............. #
#.# #..#.##.# #.##.###.#.#.# #
#.# #..#.##.###.##.....#.#..


There were no monsters in sight!

Vanquished Creatures
  A hornet (D:7)
  2 sky beasts
  An ice beast (D:7)
  An ogre (D:6)
  A kobold brigand (D:7)
  3 phantoms
  2 bullfrogs
  2 gnoll sergeants
  2 scorpions
  2 wights (D:7)
  3 howler monkeys
  An electric eel (D:7)
  2 hounds (D:4)
  5 orc priests
  3 iguanas
  A scorpion zombie (D:5)
  Ijyb (D:4)
  3 orc wizards
  A killer bee zombie (D:5)
  16 gnolls
  5 adders
  2 ufetubi
  A worm (D:3)
  2 dart slugs
  39 orcs
  4 ball pythons
  4 bats
  9 endoplasms
  2 giant cockroaches (D:1)
  7 goblins
  11 hobgoblins
  14 jackals (D:4)
  2 quokkas
  A frilled lizard (D:3)
  11 kobolds
  6 rats
173 creatures vanquished.

Vanquished Creatures (others)
  2 orcs (D:4)
  A plant (D:4)
3 creatures vanquished.

Grand Total: 176 creatures vanquished

Notes
Turn   | Place    | Note
-------+----------+-------------------------------------------
     0 | D:5      | Alarkh the Demonspawn Delver began the quest for the Orb.
     0 | D:5      | Reached XP level 1. HP: 18/18 MP: 1/1
    34 | D:5      | Noticed a howler monkey
    40 | D:5      | Killed a howler monkey
    41 | D:5      | Reached skill level 3 in Unarmed Combat
    41 | D:5      | Gained mutation: You are partially covered in thin metallic
                  | scales. (AC +2) [demonic ancestry]
    41 | D:5      | Reached XP level 2. HP: 13/24 MP: 2/2
    41 | D:5      | Reached XP level 3. HP: 16/29 MP: 3/3
    58 | D:5      | Noticed a scorpion
    73 | D:5      | Killed a scorpion
    74 | D:5      | Reached skill level 4 in Unarmed Combat
    74 | D:5      | Gained mutation: You regenerate a little health from kills.
                  | [demonic ancestry]
    74 | D:5      | Reached XP level 4. HP: 16/35 MP: 4/4
   314 | D:5      | Reached skill level 5 in Unarmed Combat
   314 | D:5      | Reached XP level 5. HP: 31/41 MP: 5/5
   426 | D:4      | Found a staircase to the Ecumenical Temple.
   426 | D:4      | Found a radiant altar of Vehumet.
   436 | D:4      | Noticed Ijyb
   439 | Temple   | Entered the Ecumenical Temple
   776 | D:4      | Killed Ijyb
   922 | D:4      | Reached XP level 6. HP: 38/47 MP: 6/6
   965 | D:4      | Reached skill level 6 in Unarmed Combat
  1036 | D:4      | Found a broken altar of Ashenzari.
  1599 | D:4      | Found a sacrificial altar of Ru.
  1756 | D:3      | Found a hide-covered altar of Uskayaw.
  1766 | D:3      | Became a worshipper of Uskayaw the Reveller
  1920 | D:3      | Reached * piety under Uskayaw
  2384 | D:2      | Reached ** piety under Uskayaw
  2757 | D:1      | Reached skill level 7 in Unarmed Combat
  2855 | D:1      | Gained mutation: You have sharp fingernails. [demonic
                  | ancestry]
  2855 | D:1      | Reached XP level 7. HP: 52/52 MP: 7/7
  3469 | D:2      | Found a faded altar of an unknown god.
  4151 | D:4      | Reached *** piety under Uskayaw
  4153 | D:4      | Reached **** piety under Uskayaw
  4159 | D:4      | HP: 2/52 [gnoll/bolt of acid (12)]
  4159 | D:4      | Reached ***** piety under Uskayaw
  4437 | D:5      | Found a bloodstained altar of Trog.
  4544 | D:5      | Found a basalt altar of Yredelemnul.
  4558 | D:5      | Found a sparkling altar of Nemelex Xobeh.
  4953 | D:5      | Found Ydideula's Assorted Antiques.
  4965 | D:5      | Bought a fine scale mail for 243 gold pieces
  4965 | D:5      | Identified the +6 scale mail "Racsium" {rC+ Will++} (You
                  | bought it in a shop on level 5 of the Dungeon)
  5292 | D:6      | Reached skill level 8 in Unarmed Combat
  5292 | D:6      | Reached XP level 8. HP: 58/58 MP: 8/8
  5383 | D:6      | Reached skill level 1 in Armour
  5383 | D:6      | Reached skill level 5 in Stealth
  5488 | D:6      | Found an ornate altar of the Wu Jian Council.
  5647 | D:6      | Found a blossoming altar of Fedhas.
  6169 | D:7      | Noticed Duvessa
  6464 | D:7      | Noticed a hornet
  6478 | D:7      | Gained mutation: A meltable shield of frost defends you.
                  | (SH +4) [demonic ancestry]
  6478 | D:7      | Reached XP level 9. HP: 66/66 MP: 9/9
  6480 | D:7      | Reached skill level 9 in Unarmed Combat
  6660 | D:$      | Got out of the dungeon alive.

Illustrated notes

Levels and vault maps discovered:
D:1:      moated_graveyard_arrival, layout_basic
D:2:      layout_loops_ring, ebering_ecumenical_altar_box
D:3:      layout_loops_corners, overflow_temple_1_default
D:4:      lemuel_castle_with_subvaults [lemuel_castle_interior_carwin_2],
          layout_gridville, hangedman_ru_absence, fiery_altar_vehumet,
          nicolae_ashenzari_skybound, minmay_temple_entry_large_hall,
          minmay_misc_feat_chi, grunt_ministairs_1, uniq_ijyb
D:5:      layout_basic, lemuel_zombie_altar_yredelemnul, kennysheep_little_box,
          mainiacjoe_overflow_alcove_4, serial_shops, nicolae_shop_tiny_glass,
          minmay_misc_feat_enclosed, dk_noncrumbling_4
D:6:      layout_basic, fedhas_altar_1, kennysheep_mini_moat, dk_vineyard_2,
          minmay_splitting_lines
D:7:      layout_rooms, kennysheep_boxes, uniq_duvessa
Temple:   nicolae_temple_ecumenical_triangle

Skill      XL: |  1  2  3  4  5  6  7  8  9 |
---------------+----------------------------+-----
Unarmed Combat | 3 4 5 7 8 9 |  9.1
Dodging        | 2 3 |  3.9
Armour         | 2 |  2.9
Stealth        | 5 |  5.9
Fighting       | 4 |  4.7

Action                     |  1- 3 |  4- 6 |  7- 9 || total
---------------------------+-------+-------+-------++-------
  Melee: Unarmed           |    11 |   196 |   215 ||   422
         Punch             |     1 |    12 |    10 ||    23
  Evoke: Wand              |       |       |     1 ||     1
    Use: Potion            |     2 |       |     2 ||     4
         Scroll            |       |       |    11 ||    11
   Stab: Sleeping          |       |    17 |     4 ||    21
         Distracted        |       |     1 |     1 ||     2
         Paralysed         |       |       |    17 ||    17
 Armour: Leather armour    |     1 |    61 |    29 ||    91
         Skin              |       |     5 |    11 ||    16
         Scale mail        |       |       |    55 ||    55
  Dodge: Dodged            |     2 |    86 |   109 ||   197
  Block: Other             |       |       |     2 ||     2
